3090 views
Uploaded 2020-04-09 13:56:13
Game version 1.32 / 1.32.1
21:06 long 1on1 ladder game on (2)Dalaran
Saved by Ouarf
3090 views
Uploaded 2020-04-09 13:56:13
Game version 1.32 / 1.32.1
21:06 long 1on1 ladder game on (2)Dalaran

41 units @ 6.2k
/ 0.8k
13 buildings @ 2.1k
/ 0.8k

| Ritual Dagger | 1 | 125 |
| Rod of Necromancy | 1 | 150 |
| total: | 2 | 275g |
| Acolyte | 7 | 525 | / | 0 |
| Ghoul | 6 | 720 | / | 0 |
| Crypt Fiend | 13 | 2795 | / | 520 |
| Necromancer | 15 | 2175 | / | 300 |
| total: | 41 | 6215g | / | 820w |
| Spirit Tower | 4 | 580 | / | 160 |
| Altar of Darkness | 1 | 180 | / | 50 |
| Crypt | 1 | 200 | / | 50 |
| Ziggurat | 6 | 900 | / | 300 |
| Graveyard | 1 | 215 | / | 0 |
| Tomb of Relics | 1 | 130 | / | 30 |
| Temple of the Damned | 3 | 465 | / | 420 |
| Halls of the Dead | 1 | 320 | / | 210 |
| total: | 13 | 2090g | / | 850w |
| 0:07 | Altar of Darkness |
| 0:10 | Crypt |
| 0:14 | Ziggurat |
| 0:26 | Acolyte |
| 0:38 | Acolyte |
| 1:15 | Graveyard |
| 1:19 | Ghoul |
| 1:32 | Ghoul |
| 1:44 | Ghoul |
| 2:14 | Carrion Beetles |
| 2:23 | Ghoul |
| 2:31 | Ziggurat |
| 2:35 | Ziggurat |
| 3:41 | Spirit Tower |
| 3:50 | Crypt Fiend |
| 3:50 | Crypt Fiend |
| 3:57 | Tomb of Relics |
| 4:02 | Crypt Fiend |
| 4:50 | Impale |
| 5:08 | Crypt Fiend |
| 5:09 | Crypt Fiend |
| 5:09 | Crypt Fiend |
| 6:23 | Crypt Fiend |
| 6:23 | Crypt Fiend |
| 6:23 | Crypt Fiend |
| 6:40 | Crypt Fiend |
| 6:44 | Creature Carapace |
| 6:59 | Creature Attack |
| 7:10 | Ziggurat |
| 7:26 | Ritual Dagger |
| 7:28 | Rod of Necromancy |
| 8:07 | Crypt Fiend |
| 8:13 | Crypt Fiend |
| 8:58 | Halls of the Dead |
| 9:10 | Improved Creature Attack |
| 10:27 | Carrion Beetles |
| 10:56 | Crypt Fiend |
| 11:00 | Ghoul |
| 11:00 | Ghoul |
| 11:15 | Spirit Tower |
| 11:28 | Temple of the Damned |
| 11:30 | Temple of the Damned |
| 11:39 | Temple of the Damned |
| 11:42 | Acolyte |
| 11:42 | Acolyte |
| 11:43 | Acolyte |
| 11:43 | Acolyte |
| 11:43 | Acolyte |
| 11:54 | Unholy Strength |
| 12:12 | Unholy Armor |
| 12:23 | Ziggurat |
| 12:39 | Ziggurat |
| 13:02 | Skeletal Mastery |
| 13:29 | Necromancer Adept Training |
| 13:35 | Necromancer |
| 13:40 | Necromancer |
| 14:00 | Improved Unholy Strength |
| 14:31 | Necromancer |
| 14:40 | Necromancer |
| 15:01 | Spirit Tower |
| 15:21 | Spirit Tower |
| 15:44 | Necromancer |
| 15:54 | Necromancer |
| 16:12 | Necromancer |
| 16:33 | Necromancer |
| 17:19 | Necromancer |
| 17:21 | Necromancer |
| 19:38 | Impale |
| 20:25 | Necromancer |
| 20:25 | Necromancer |
| 20:25 | Necromancer |
| 20:25 | Necromancer |
| 20:34 | Necromancer |
| Right click | 495 |
| Select | 301 |
| Build/train/purchase | 70 |
| Misc. action | 20 |
| Use ability | 11 |
| Chat | 10 |
| Assign group | 2 |
| Remove unit | 2 |
| Select group | 2 |
43 units @ 8k
/ 1.3k
16 buildings @ 2.5k
/ 0.8k


| Rod of Necromancy | 2 | 300 |
| Ritual Dagger | 1 | 125 |
| Potion of Healing | 2 | 300 |
| Potion of Lesser Invulnerability | 1 | 150 |
| total: | 6 | 875g |
| Acolyte | 6 | 450 | / | 0 |
| Ghoul | 3 | 360 | / | 0 |
| Crypt Fiend | 27 | 5805 | / | 1080 |
| Obsidian Statue | 6 | 1200 | / | 210 |
| Forest Troll Shadow Priest | 1 | 195 | / | 10 |
| total: | 43 | 8010g | / | 1300w |
| Nerubian Tower | 8 | 800 | / | 160 |
| Ziggurat | 9 | 1350 | / | 450 |
| Altar of Darkness | 1 | 180 | / | 50 |
| Crypt | 2 | 400 | / | 100 |
| Tomb of Relics | 2 | 260 | / | 60 |
| Graveyard | 1 | 215 | / | 0 |
| Slaughterhouse | 1 | 140 | / | 135 |
| Halls of the Dead | 1 | 320 | / | 210 |
| Black Citadel | 1 | 325 | / | 230 |
| total: | 16 | 2545g | / | 795w |
| 0:03 | Acolyte |
| 0:03 | Acolyte |
| 0:05 | Ziggurat |
| 0:07 | Altar of Darkness |
| 0:34 | Crypt |
| 1:01 | Ziggurat |
| 1:13 | Tomb of Relics |
| 1:28 | Nerubian Tower |
| 1:38 | Graveyard |
| 1:50 | Ghoul |
| 2:04 | Ghoul |
| 2:08 | Unholy Aura |
| 2:21 | Rod of Necromancy |
| 2:35 | Ghoul |
| 3:01 | Crypt Fiend |
| 3:28 | Crypt Fiend |
| 3:51 | Crypt Fiend |
| 3:54 | Halls of the Dead |
| 4:13 | Crypt Fiend |
| 4:16 | Nerubian Tower |
| 4:20 | Death Coil |
| 4:50 | Crypt Fiend |
| 5:01 | Crypt Fiend |
| 5:13 | Ziggurat |
| 5:16 | Ziggurat |
| 5:23 | Creature Attack |
| 5:53 | Creature Carapace |
| 6:08 | Crypt Fiend |
| 6:15 | Rod of Necromancy |
| 6:40 | Nerubian Tower |
| 6:42 | Tomb of Relics |
| 6:55 | Ritual Dagger |
| 7:19 | Crypt |
| 7:22 | Nerubian Tower |
| 7:35 | Unholy Aura |
| 7:49 | Potion of Lesser Invulnerability |
| 8:10 | Potion of Healing |
| 8:29 | Frost Nova |
| 9:04 | Crypt Fiend |
| 9:04 | Crypt Fiend |
| 9:08 | Improved Creature Attack |
| 9:38 | Crypt Fiend |
| 9:45 | Improved Creature Carapace |
| 10:11 | Crypt Fiend |
| 10:46 | Slaughterhouse |
| 11:11 | Crypt Fiend |
| 11:46 | Crypt Fiend |
| 11:53 | Dark Ritual |
| 12:25 | Web |
| 12:42 | Ziggurat |
| 13:11 | Ziggurat |
| 13:48 | Ziggurat |
| 13:50 | Acolyte |
| 13:50 | Acolyte |
| 13:50 | Acolyte |
| 13:57 | Acolyte |
| 14:03 | Forest Troll Shadow Priest |
| 14:29 | Death Coil |
| 14:31 | Crypt Fiend |
| 14:32 | Crypt Fiend |
| 14:34 | Obsidian Statue |
| 14:34 | Obsidian Statue |
| 15:22 | Frost Nova |
| 15:29 | Crypt Fiend |
| 15:29 | Crypt Fiend |
| 15:32 | Obsidian Statue |
| 15:40 | Obsidian Statue |
| 15:42 | Crypt Fiend |
| 15:51 | Nerubian Tower |
| 15:53 | Ziggurat |
| 16:20 | Crypt Fiend |
| 16:27 | Black Citadel |
| 16:59 | Obsidian Statue |
| 17:00 | Obsidian Statue |
| 17:07 | Crypt Fiend |
| 17:21 | Crypt Fiend |
| 17:58 | Unholy Strength |
| 18:03 | Nerubian Tower |
| 18:03 | Nerubian Tower |
| 18:08 | Nerubian Tower |
| 18:09 | Ziggurat |
| 19:05 | Dark Ritual |
| 19:15 | Death Coil |
| 19:16 | Crypt Fiend |
| 19:16 | Crypt Fiend |
| 19:38 | Crypt Fiend |
| 19:53 | Crypt Fiend |
| 19:54 | Crypt Fiend |
| 20:20 | Crypt Fiend |
| 20:36 | Potion of Healing |
| 20:53 | Frost Nova |
| Right click | 1461 |
| Select group | 947 |
| Select | 292 |
| Misc. action | 138 |
| Build/train/purchase | 111 |
| Assign group | 59 |
| Use ability | 33 |
| Esc | 11 |
| Chat | 6 |
| Item give/drop | 2 |
| Minimap ping | 1 |